Map: Canyon of Tribulation

Players

Fatboi

  • Race: Zerg Zerg
  • League: Gold
  • Spawn Location: 7:00

LukeTheBuild

  • Race: Zerg Zerg
  • League: Silver
  • Spawn Location: 6:00

Sache

  • Race: Protoss Protoss
  • League: Platinum
  • Spawn Location: 6:00

Ivadios - Winner!

  • Race: Zerg Zerg
  • League: Bronze
  • Spawn Location: 12:00

Arthas - Winner!

  • Race: Terran Terran
  • Spawn Location: 3:00

Duffman - Winner!

  • Race: Terran Terran
  • Spawn Location: 12:00

VOD

Have the link to the VOD?

Description

Time

  • Played on: June 5, 2020, 12:27 p.m.
  • Length: 12:23
Show
View Real Time Build Order
Export as new Build Order

Fatboi Zerg 

Build Orders: Hatch First 

Get SALT Encoding   

  12  0:02  Drone  
  13  0:11  Drone  
  14  0:17  Overlord  
  14  0:35  Drone  
  14  0:36  Drone  
  16  0:50  Hatchery  
  16  0:55  Drone  
  16  0:57  Drone  
  16  1:04  Overlord  
  17  1:17  Drone  
  18  1:19  Extractor  
  18  1:24  Spawning Pool  
  16  1:28  Drone  
  17  1:34  Drone  
  18  1:45  Extractor, Drone  
  18  1:54  Drone  
  19  2:12  Hatchery  
  19  2:13  Drone x2  
  20  2:22  Metabolic Boost  
  20  2:31  Zergling x4  
  20  2:36  Zergling x2  
  23  2:40  Zergling x2  
  23  3:10  Drone  
  23  3:11  Drone x5  
  27  3:31  Drone  
  28  3:36  Queen  
  28  3:38  Queen  
  32  3:44  Queen  
  34  3:51  Zergling x4  
  34  3:53  Zergling x2  
  38  3:55  Zergling x2  
  38  4:08  Drone x3  
  41  4:10  Overlord  
  41  4:14  Overlord  
  41  4:27  Overlord x2  
  41  4:30  Overlord  
  41  4:55  Drone x3  
  41  4:56  Drone x6  
  41  4:57  Drone x2  
  52  5:00  Extractor  
  52  5:03  Extractor  
  50  5:39  Drone x3  
  50  5:40  Drone x7  
  50  5:41  Drone x3  
  63  5:51  Drone x4  
  63  5:52  Drone x2  
  69  6:01  Extractor  
  69  6:03  Extractor  
  67  6:26  Baneling Nest  
  67  6:30  Roach Warren, Lair  
  65  6:36  Evolution Chamber  
  65  6:38  Evolution Chamber, Drone x2  
  65  6:49  Drone x2  
  65  6:50  Drone x4  
  71  7:05  Zerg Melee Weapons Level 1  
  71  7:07  Zerg Ground Armor Level 1  
  65  7:15  Roach  
  67  7:16  Roach x7  
  67  7:21  Overlord  
  67  7:22  Overlord x6  
  81  7:53  Roach  
  81  7:54  Roach x17  
  117  8:07  Zergling x2  
  117  8:08  Zergling x4  
  117  8:09  Zergling x10  
  117  8:10  Centrifical Hooks  
  125  8:19  Glial Reconstitution  
  125  8:31  Baneling x2  
  125  8:32  Baneling x14  
  125  8:35  Roach  
  125  8:36  Roach x5  
  125  8:37  Overlord  
  125  8:38  Overlord x5  
  137  8:57  Roach x2  
  137  8:58  Roach x6  
  136  9:38  Zergling x16  
  127  9:39  Zergling x8  
  111  9:53  Roach x9  
  95  10:02  Baneling x3  
  95  10:03  Baneling x21  
  95  10:22  Zergling x8  
  95  10:23  Zergling x6  
  100  11:07  Roach x4  
  100  11:08  Roach x14  
  101  11:40  Zergling x2  
  101  11:41  Zergling x24  
Show
View Real Time Build Order
Export as new Build Order

LukeTheBuild Zerg 

Build Orders: Pool First, Brood Lord Corruptor 

Get SALT Encoding   

  12  0:09  Overlord  
  12  0:19  Drone  
  12  0:20  Drone  
  14  0:27  Overlord  
  14  0:43  Extractor  
  14  0:47  Drone  
  14  0:48  Extractor, Drone  
  14  1:05  Spawning Pool  
  14  1:08  Drone x2  
  15  1:24  Drone  
  16  1:27  Drone  
  17  1:39  Drone  
  18  1:54  Drone  
  18  1:55  Hatchery  
  18  2:01  Lair  
  18  2:20  Drone x2  
  18  2:21  Drone  
  21  2:52  Zergling x2  
  21  2:53  Zergling x4  
  24  3:10  Infestation Pit  
  24  3:12  Spire  
  22  3:18  Drone x3  
  25  3:47  Hive  
  25  3:54  Drone x3  
  25  3:55  Drone x3  
  31  4:23  Overlord x4  
  31  4:34  Drone  
  31  4:35  Drone  
  33  4:57  Queen  
  33  4:59  Queen  
  37  5:01  Greater Spire  
  37  5:06  Extractor  
  36  5:09  Extractor, Drone x2  
  36  5:10  Drone  
  36  5:11  Drone x3  
  41  5:42  Corruptor x4  
  43  5:43  Corruptor  
  43  5:44  Corruptor  
  53  6:07  Drone x2  
  53  6:08  Drone x2  
  57  6:23  Brood Lord  
  57  6:25  Brood Lord  
  61  6:26  Brood Lord  
  63  6:33  Brood Lord  
  65  6:56  Hatchery  
  65  6:57  Brood Lord  
  65  6:58  Hatchery  
  65  7:00  Brood Lord  
  67  7:19  Drone  
  67  7:22  Overlord x2  
  68  7:23  Overlord  
  69  8:09  Corruptor x2  
  69  8:10  Corruptor x4  
  69  8:11  Corruptor  
  83  8:14  Corruptor  
  85  8:25  Overlord  
  85  8:26  Overlord x3  
  85  8:50  Brood Lord x2  
  85  8:51  Hatchery  
  85  8:55  Brood Lord  
  90  9:08  Brood Lord  
  92  9:23  Brood Lord  
  94  9:31  Extractor  
  88  10:19  Corruptor x6  
  60  11:19  Corruptor x5  
  60  11:20  Corruptor  
  72  11:46  Hatchery  
Show
View Real Time Build Order
Export as new Build Order

Sache Protoss 

Build Orders:  

Get SALT Encoding   

  12  0:02  Probe  
  13  0:16  Pylon  
  13  0:18  Probe (Chrono Boost)  
  15  0:28  Probe (Chrono Boost)  
  15  0:33  Probe (Chrono Boost)  
  15  0:34  Assimilator  
  16  0:44  Probe  
  17  0:56  Probe  
  18  1:08  Probe (Chrono Boost)  
  20  1:18  Probe (Chrono Boost)  
  20  1:23  Probe (Chrono Boost)  
  20  1:24  Assimilator  
  21  1:34  Nexus  
  21  1:43  Nexus  
  21  1:44  Probe  
  22  1:50  Gateway  
  22  1:57  Probe  
  23  2:05  Pylon  
  23  2:23  Probe  
  24  2:34  Gateway  
  24  2:35  Probe  
  25  2:39  Forge  
  25  2:41  Pylon  
  25  2:47  Probe  
  25  2:48  Zealot (Chrono Boost)  
  28  2:59  Probe  
  28  3:07  Cybernetics Core  
  28  3:10  Zealot  
  28  3:11  Probe  
  28  3:28  Zealot  
  29  3:34  Photon Cannon  
  27  3:57  Probe (Chrono Boost)  
  27  3:58  Probe (Chrono Boost)  
  29  4:08  Adept  
  29  4:09  Probe (Chrono Boost)  
  33  4:10  Probe (Chrono Boost)  
  33  4:15  Probe x2 (Chrono Boost)  
  36  4:24  Warp Gate  
  36  4:25  Probe (Chrono Boost)  
  36  4:26  Probe (Chrono Boost)  
  36  4:30  Probe (Chrono Boost)  
  37  4:32  Photon Cannon  
  38  4:51  Shield Battery  
  38  4:53  Pylon  
  38  4:54  Probe  
  38  4:55  Probe  
  40  5:06  Probe  
  41  5:07  Probe  
  42  5:18  Probe  
  43  5:30  Probe x2  
  45  5:41  Stargate  
  45  5:42  Probe  
  46  5:43  Probe, Stargate  
  47  5:54  Probe  
  47  5:55  Probe  
  47  5:56  Assimilator  
  49  6:00  Assimilator  
  49  6:01  Nexus  
  49  6:06  Probe  
  49  6:07  Probe  
  49  6:10  Nexus  
  51  6:18  Probe  
  51  6:19  Probe  
  51  6:22  Assimilator  
  51  6:25  Pylon  
  53  6:27  Pylon, Assimilator  
  53  6:31  Probe (Chrono Boost)  
  53  6:32  Probe (Chrono Boost)  
  55  6:40  Protoss Air Weapons Level 1  
  55  6:43  Probe (Chrono Boost)  
  57  6:48  Probe (Chrono Boost)  
  57  6:50  Probe (Chrono Boost), Phoenix  
  60  6:55  Probe  
  60  6:56  Phoenix  
  60  6:57  Probe  
  64  7:07  Probe  
  65  7:09  Probe  
  67  7:15  Phoenix  
  67  7:16  Probe (Chrono Boost)  
  67  7:19  Probe (Chrono Boost)  
  67  7:20  Gateway  
  67  7:21  Phoenix  
  67  7:22  Probe (Chrono Boost)  
  61  7:40  Phoenix  
  60  7:46  Phoenix  
  52  8:05  Phoenix  
  54  8:16  Zealot x2  
  56  8:44  Assimilator  
  56  8:47  Assimilator  
  56  8:56  Nexus, Gateway  
  56  9:01  Probe  
  57  9:42  Sentry x2  
  57  9:43  Sentry  
  63  9:59  Zealot  
  61  10:09  Gateway, Phoenix  
  61  10:10  Phoenix  
  61  10:11  Gateway  
  61  10:12  Gateway  
  65  10:15  Gateway  
  65  10:16  Gateway  
  65  10:34  Phoenix  
  65  10:35  Phoenix  
  53  10:52  Zealot x2  
  53  10:53  Zealot  
  59  11:00  Zealot  
  59  11:03  Zealot  
  39  11:12  Zealot x2  
  39  11:13  Zealot  
  38  11:29  Zealot  
Show
View Real Time Build Order
Export as new Build Order

Ivadios Zerg - Winner!

Build Orders: Pool First 

Get SALT Encoding   

  12  0:21  Spawning Pool  
  11  0:26  Extractor  
  10  0:33  Overlord  
  10  1:05  Drone x3  
  13  1:28  Queen  
  15  1:42  Zergling x6  
  15  3:08  Zergling x6  
  18  3:32  Hatchery  
  18  3:33  Drone x2  
  19  3:58  Drone  
  19  3:59  Drone x2  
  19  4:48  Metabolic Boost  
  19  5:10  Drone x2  
  19  5:11  Drone x3  
  24  5:18  Overlord  
  24  5:19  Overlord x2  
  24  5:39  Queen  
  26  6:11  Zergling x12  
  32  6:21  Baneling Nest  
  30  8:22  Zergling x12  
  36  8:49  Drone x7  
  36  8:50  Drone x4  
  47  9:27  Overlord x2  
  47  9:28  Overlord  
  47  9:32  Zergling x6  
  49  9:45  Lair  
  50  10:21  Zergling x10  
  50  10:22  Zergling x10  
  55  11:13  Extractor  
  55  11:18  Extractor  
  34  11:45  Evolution Chamber  
  33  11:48  Evolution Chamber  
Show
View Real Time Build Order
Export as new Build Order

Arthas Terran - Winner!

Build Orders:  

Get SALT Encoding   

  12  0:01  SCV  
  13  0:13  SCV  
  14  0:18  Supply Depot  
  14  0:25  SCV  
  15  0:39  SCV  
  15  0:42  Barracks  
  16  0:52  SCV  
  17  1:05  SCV  
  18  1:18  SCV  
  18  1:24  Command Center  
  19  1:30  Supply Depot  
  19  1:31  Marine  
  20  1:39  Orbital Command  
  20  1:51  Marine  
  21  1:56  Refinery  
  21  2:09  Marine  
  22  2:19  Refinery  
  22  2:21  SCV  
  23  2:27  Marine  
  24  2:34  SCV  
  25  2:48  SCV  
  27  2:52  Orbital Command  
  26  3:03  Barracks Tech Lab  
  26  3:07  SCV  
  27  3:14  Factory  
  27  3:19  SCV  
  28  3:22  Barracks  
  28  3:23  Barracks  
  28  3:26  Supply Depot  
  28  3:27  Supply Depot  
  25  3:28  SCV  
  25  3:29  Engineering Bay  
  25  3:31  SCV  
  27  3:40  SCV  
  28  3:43  SCV  
  28  3:46  Marine  
  28  3:48  Stimpack  
  30  3:52  SCV  
  30  3:53  Engineering Bay  
  30  3:54  Terran Infantry Weapons Level 1  
  32  3:55  SCV  
  32  4:00  Factory Reactor  
  32  4:03  Marine  
  32  4:05  SCV  
  32  4:07  Starport  
  34  4:10  Marine x2  
  36  4:20  SCV  
  36  4:21  SCV, Marine  
  39  4:27  Terran Infantry Armor Level 1  
  39  4:31  Marine x2  
  41  4:32  SCV  
  42  4:39  Marine  
  42  4:41  SCV  
  42  4:44  SCV  
  45  4:46  Factory Tech Lab  
  45  4:48  Marine  
  45  4:51  Marine  
  47  4:53  SCV  
  47  4:56  Armory  
  47  4:57  Marine  
  49  5:02  SCV  
  49  5:03  Refinery  
  49  5:04  Medivac  
  49  5:05  SCV  
  53  5:08  Marine x2  
  55  5:20  Medivac  
  57  5:22  SCV x2  
  57  5:27  Missile Turret, Refinery  
  59  5:29  Missile Turret  
  59  5:31  Missile Turret  
  59  5:37  Missile Turret  
  59  5:39  Missile Turret  
  59  5:40  Missile Turret  
  59  5:42  Missile Turret  
  59  5:44  Medivac  
  59  5:45  Marine  
  62  5:52  Supply Depot  
  62  5:56  Supply Depot  
  62  6:02  Supply Depot  
  62  6:08  Supply Depot  
  62  6:13  Siege Tank, Marine x3, Medivac  
  70  6:31  Marine x3  
  73  6:41  Terran Infantry Weapons Level 2  
  73  6:49  Marine x3  
  76  6:54  Medivac  
  76  7:01  Siege Tank  
  81  7:06  Marine x3  
  84  7:22  Barracks  
  84  7:23  Barracks  
  84  7:24  Marine x3  
  84  7:25  Barracks  
  87  7:42  Marine  
  73  8:21  Marine x3  
  73  8:23  Viking x2  
  73  8:25  Terran Vehicle Weapons Level 1  
  74  8:36  Terran Infantry Armor Level 2  
  74  8:39  Siege Tank, Marine  
  74  8:40  Command Center  
  73  8:55  Viking x2  
  73  9:51  Viking x2  
  76  10:03  Marine x6  
  82  10:21  Marine x6  
  82  10:39  Marine x6  
  86  10:56  Marine  
  84  10:57  Marine x3  
  81  11:07  Planetary Fortress  
  81  11:08  Viking  
  81  11:09  Medivac  
  81  11:10  SCV  
  82  11:12  Marine x2  
  82  11:14  Marine  
  82  11:15  Marine x3  
  88  11:29  Marine  
  88  11:30  Marine  
  88  11:32  Marine x2  
  92  11:42  Starport  
  92  11:43  Starport  
Show
View Real Time Build Order
Export as new Build Order

Duffman Terran - Winner!

Build Orders: Gas First Reaper Expand 

Get SALT Encoding   

  12  0:02  SCV  
  13  0:14  SCV  
  14  0:29  Supply Depot  
  14  0:30  Refinery  
  14  0:31  SCV  
  15  0:57  Barracks  
  15  1:02  SCV  
  16  1:14  SCV  
  17  1:26  SCV  
  18  1:43  Orbital Command  
  18  1:44  Reaper  
  19  2:02  Factory  
  19  2:03  Command Center  
  19  2:12  SCV  
  20  2:17  Refinery  
  20  2:24  SCV, Supply Depot  
  21  2:31  Marine  
  22  2:38  Barracks  
  22  2:39  SCV  
  23  2:51  SCV  
  24  3:05  SCV  
  25  3:17  SCV  
  27  3:55  SCV, Orbital Command  
  27  3:58  Factory Tech Lab  
  27  3:59  Barracks Tech Lab  
  27  4:04  Barracks  
  27  4:06  Barracks  
  27  4:09  Engineering Bay  
  27  4:11  Engineering Bay  
  27  4:13  SCV  
  28  4:21  Stimpack  
  28  4:22  Siege Tank  
  28  4:23  SCV  
  32  4:25  SCV  
  33  4:35  SCV, Marine  
  33  4:37  SCV, Marine  
  37  4:43  Terran Infantry Armor Level 1, Terran Infantry Weapons Level 1  
  37  4:47  SCV  
  37  4:49  SCV  
  39  4:59  SCV  
  40  5:01  SCV  
  41  5:25  SCV  
  42  5:29  SCV  
  42  5:34  Barracks Reactor, Barracks Tech Lab  
  42  5:35  Starport, Marine x2  
  44  5:37  SCV  
  46  5:49  Supply Depot x2  
  46  5:51  Refinery x2  
  46  5:55  Concussive Shells  
  46  6:00  Combat Shield  
  46  6:08  Supply Depot  
  46  6:09  Supply Depot  
  46  6:10  SCV x2, Siege Tank, Marine x3  
  54  6:14  Supply Depot  
  54  6:17  Starport Reactor  
  54  6:19  Marine  
  54  6:20  Marine  
  54  6:23  SCV x2  
  58  6:28  Marine x2  
  58  6:29  Marauder  
  62  6:35  SCV x2  
  62  6:37  Marine x2  
  66  6:45  Armory  
  66  6:46  Siege Tank, Marine, Marauder  
  72  6:49  Marine  
  73  6:55  Marine x2  
  73  6:56  Medivac x2  
  79  7:04  Marine  
  79  7:07  Marine  
  79  7:08  Command Center, Marauder  
  83  7:13  Marine x2  
  85  7:21  Marine  
  86  7:24  Siege Tank  
  86  7:25  Marine, Supply Depot  
  86  7:27  Supply Depot  
  86  7:29  Marine, Medivac  
  93  7:31  Marine  
  94  7:47  Marine x3, Medivac  
  94  7:49  Marine  
  100  8:05  Marine x3  
  103  8:06  Marine  
  104  8:20  Siege Tank  
  104  8:21  Medivac x2  
  104  8:22  Marine x3  
  104  8:24  Terran Infantry Armor Level 2  
  114  8:30  Terran Infantry Weapons Level 2  
  114  8:32  Marine  
  114  8:33  Marine  
  116  8:40  Marine x3  
  119  8:50  Marine  
  119  8:51  Marine  
  119  8:53  Terran Ship Weapons Level 1  
  119  8:54  Starport  
  121  8:58  Marine x3  
  124  9:08  Marine  
  125  9:12  Refinery  
  125  9:14  Refinery  
  125  9:27  Marine  
  125  9:36  Marine x2  
  125  9:41  Marine x2  
  119  9:54  Marine x2  
  119  9:59  Marine  
  108  10:01  Marine x2  
  110  10:11  Marine x2  
  112  10:14  Viking x2  
  112  10:16  Starport Reactor, Marine  
  112  10:18  Marine  
  112  10:19  Marine  
  119  10:29  Marine x2  
  119  10:34  Marine  
  122  10:36  Marine  
  122  10:37  Marine  
  122  10:38  Supply Depot  
  122  10:39  Supply Depot  
  122  10:40  Supply Depot  
  124  10:47  Viking  
  125  10:59  Viking, Thor  
  125  11:03  Orbital Command  
  133  11:05  SCV x2  
  135  11:17  SCV x2  
Tags
 
Add a new tag
Caveats
  • Supply blocks, unpowered buildings, or Contaminate may cause inaccurate times.
  • Supply counts are checked every 10 seconds.